 Dungeon Crawl Stone Soup version 0.18.1-50-g88ac8fd (webtiles) character file.

462 Miyamura the Digger (level 6, -1/51 HPs)
             Began as a Draconian Earth Elementalist on Sept 18, 2016.
             Was an Initiate of Vehumet.
             Slain by a slave (9 damage)
             ... led by Pikel
             ... on level 4 of the Dungeon.
             The game lasted 00:17:02 (6201 turns).

Miyamura the Digger (Draconian Earth Elementalist)  Turns: 6201, Time: 00:17:02

Health: -1/51      AC:  7    Str:  8 (10) XL:     6   Next: 79%
Magic:  0/10       EV: 12    Int: 16 (17) God:    Vehumet [......]
Gold:   140        SH:  0    Dex:  9 (12) Spells: 3 memorised, 5 levels left

rFire  + . .     SeeInvis .     l - +0 dagger (speed)
rCold  . . .     Gourm    .     (armour unavailable)
rNeg   . . .     Faith    .     (no shield)
rPois  +         Spirit   .     (helmet restricted)
rElec  .         Dismiss  .     d - +0 cloak
rCorr  .         Reflect  .     (no gloves)
SustAt .         Harm     .     (no boots)
MR     .....                    (no amulet)
Stlth  ++........               k - ring of poison resistance
                                f - ring of protection from fire

@: very slightly contaminated, not resistant to hostile enchantments, unstealthy
A: unfitting armour, cold-blooded, AC +6
a: Renounce Religion


You were on level 4 of the Dungeon.
You worshipped Vehumet.
Vehumet was noncommittal.
You were very hungry.

You visited 2 branches of the dungeon, and saw 5 of its levels.

You collected 140 gold pieces.

Inventory:

Hand Weapons
 l - a +0 dagger of speed (weapon)
 s - a +1 dagger of holy wrath
Missiles
 a - 14 stones (quivered)
Armour
 d - a +0 cloak (worn)
Jewellery
 f - a ring of protection from fire (left hand)
 k - a ring of poison resistance (right hand)
Scrolls
 i - a scroll of amnesia
 o - a scroll of magic mapping
Books
 b - a book of Geomancy

   Spells                             Type                      Level
   a - Sandblast                      Earth                        1
   b - Passwall                       Transmutation/Earth          2
   c - Stone Arrow                    Conjuration/Earth            3
   d - Petrify                        Transmutation/Earth          4
   e - Lee's Rapid Deconstruction     Earth                        5
Comestibles
 c - 3 bread rations
 q - 4 meat rations
 r - 2 chunks of flesh


   Skills:
 + Level 3.2 Fighting
 + Level 3.2 Dodging
 + Level 3.8 Stealth
 + Level 3.3 Spellcasting
 - Level 1.0 Transmutations
 + Level 4.2 Earth Magic


You had 5 spell levels left.
You knew the following spells:

 Your Spells              Type           Power        Failure   Level  Hunger
a - Stone Arrow           Conj/Erth      #.....       28%         3    ###....
b - Sandblast             Erth           ###...       3%          1    None
P - Passwall              Trmt/Erth      ##........   12%         2    ##.....


Dungeon Overview and Level Annotations

Branches:
Dungeon (4/15)             Temple (1/1) D:4

Altars:
Ashenzari
Cheibriados
Dithmenos
Elyvilon
Fedhas
Gozag
Makhleb
Nemelex Xobeh
Okawaru
Qazlal
Ru
Vehumet
Xom
Yredelemnul
Zin
The Shining One

Annotations:
D:1 Terence
D:4 Pikel; appiemonkey's ghost, amateur MiFi


Innate Abilities, Weirdness & Mutations

Your plain brown scales are hard (AC +6).
Your body does not fit into most forms of armour.
You are cold-blooded and may be slowed by cold attacks.


Message History

The stone arrow misses the slave.
You are feeling very hungry.
Pikel hits you with a whip of flaming.
* * * LOW HITPOINT WARNING * * *
Pikel burns you.
* * * LOW HITPOINT WARNING * * *
The slave barely misses you.
Drink which item? (? for menu, Esc to quit)
You feel better. Pikel hits you with a whip of flaming.
* * * LOW HITPOINT WARNING * * *
Pikel burns you.
* * * LOW HITPOINT WARNING * * *
The slave hits you.
* * * LOW HITPOINT WARNING * * *
Drink which item? (? for menu, Esc to quit)
You feel better. Pikel closely misses you. The slave closely misses you.
You closely miss the slave.
The slave is almost dead.
The slave hits you!
You die...

##### ### #...........# #...#
##.###.......###.# #.#.#
##<#.##.#####.# ###
#.#.#####.###.#.# #.### #
##.#......## ##..# #...#
######........## ##.# #...#
..........####.## ##..#####...#
######.##.# ##p###...........#
#####...#.######@#.##.#.####..#
.............# ##K####.## #..#
.....#.#...#.#########.#####..#
##.#......................##..#
...........#.#########.##.##..#
##.....###.#.# #.##.##..#
≈≈≈K≈≈≈≈≈#.#.# #.##.##..###
≈#.....#≈#.#.# #.##.##.....
≈.......≈..#.# #........###


You could see Pikel and a slave.

Vanquished Creatures
  A phantom (D:4)
  3 slaves (D:3)
  A centaur (D:3)
  A jelly (D:4)
  An orc wizard (D:4)
  2 worker ants (D:4)
  Robin (D:1)
  7 adders
  4 worms
  A dart slug (D:1)
  2 giant geckos
  3 orcs
  4 giant cockroaches
  15 goblins
  5 hobgoblins
  8 jackals
  7 kobolds
  3 ball pythons
  8 bats
  4 giant newts
  A jackal zombie (D:4)
  3 rats
85 creatures vanquished.

Vanquished Creatures (others)
  An orc wizard (D:4)
1 creature vanquished.

Grand Total: 86 creatures vanquished

Notes
Turn   | Place    | Note
--------------------------------------------------------------
     0 | D:1      | Miyamura the Draconian Earth Elementalist began the quest for the Orb.
     0 | D:1      | Reached XP level 1. HP: 14/14 MP: 3/3
   901 | D:1      | Reached XP level 2. HP: 22/22 MP: 5/5
  1186 | D:1      | Reached skill level 1 in Fighting
  1553 | D:2      | Reached XP level 3. HP: 28/28 MP: 2/6
  1595 | D:2      | Learned a level 3 spell: Stone Arrow
  2079 | D:2      | Noticed Robin
  2248 | D:1      | Reached XP level 4. HP: 17/36 MP: 2/7
  2448 | D:1      | Killed Robin
  2746 | D:2      | Found a shadowy altar of Dithmenos.
  2760 | D:2      | Noticed Terence
  2861 | D:1      | You fall through a shaft!
  2964 | D:2      | Found a sacrificial altar of Ru.
  3262 | D:3      | Noticed a centaur
  3272 | D:3      | Killed a centaur
  3272 | D:3      | Reached XP level 5. HP: 21/42 MP: 4/9
  4234 | D:4      | Found a sparkling altar of Nemelex Xobeh.
  4240 | D:4      | Found an iron altar of Okawaru.
  4240 | D:4      | Found a stormy altar of Qazlal.
  4401 | D:4      | Found a staircase to the Ecumenical Temple.
  4418 | D:4      | Reached XP level 6. HP: 39/50 MP: 0/10
  4487 | D:4      | Noticed a slave
  4488 | D:4      | Noticed a slave
  4490 | Temple   | Entered the Ecumenical Temple
  4583 | Temple   | Became a worshipper of Vehumet
  4592 | D:4      | Noticed a slave
  4720 | D:3      | Killed a slave
  4965 | D:3      | Killed a slave
  5074 | D:3      | Killed a slave
  5605 | D:4      | Reached skill level 4 in Earth Magic
  5776 | D:4      | Learned a level 2 spell: Passwall
  5934 | D:4      | Noticed appiemonkey's ghost (amateur MiFi)
  5999 | D:4      | Noticed a slave
  6074 | D:4      | Noticed Pikel
  6199 | D:4      | HP: 1/51 [slave[Pikel] (4)]
  6201 | D:4      | Slain by a slave

Skill      XL: |  1  2  3  4  5  6 |
---------------+-------------------+-----
Dodging        | 2 3 |  3.2
Fighting       | 1 2 3 |  3.2
Stealth        | 2 3 |  3.8
Earth Magic    | 4 |  4.2
Spellcasting   | 3 |  3.3
Transmutations | |  1.0

Action                   |  1- 3 |  4- 6 || total
-------------------------+-------+-------++-------
Melee: Dagger            |    84 |   420 ||   504
       Club              |    11 |       ||    11
       Tailslap          |    11 |    41 ||    52
 Cast: Sandblast         |    23 |    18 ||    41
       Stone Arrow       |     2 |    31 ||    33
  Use: Scroll            |     1 |     5 ||     6
       Potion            |       |     8 ||     8
 Stab: Sleeping          |     2 |    10 ||    12
  Eat: Chunk             |     5 |    16 ||    21
Armor: Skin              |    62 |   166 ||   228
Dodge: Dodged            |   114 |   236 ||   350
